Map: King's Cove LE

Players

pHARM - Winner!

  • Race: Zerg Zerg
  • League: Platinum
  • Spawn Location: 5:00

Kuzakovsky

  • Race: Protoss Protoss
  • League: Diamond
  • Spawn Location: 11:00

VOD

Have the link to the VOD?

Description

Time

  • Played on: Aug. 12, 2019, 4:11 p.m.
  • Length: 11:21
Show
View Real Time Build Order
Export as new Build Order

pHARM Zerg - Winner!

Build Orders: Hatch First, Roach Hydra 

Get SALT Encoding   

  12  0:01  Drone  
  13  0:14  Overlord  
  13  0:25  Drone  
  14  0:37  Drone  
  14  0:38  Drone x2  
  17  0:57  Hatchery  
  16  1:04  Drone x2  
  18  1:19  Spawning Pool  
  18  1:20  Drone  
  18  1:31  Drone  
  19  1:37  Drone  
  20  1:47  Extractor  
  20  1:48  Drone  
  20  1:53  Overlord  
  20  2:07  Drone  
  21  2:08  Queen  
  21  2:09  Queen  
  25  2:18  Drone x2  
  27  2:25  Drone  
  28  2:34  Drone  
  28  2:35  Drone  
  30  2:42  Drone x2  
  32  2:51  Drone  
  33  2:57  Overlord  
  33  2:58  Drone  
  33  3:00  Queen  
  36  3:22  Drone  
  36  3:23  Drone x5  
  42  3:29  Evolution Chamber  
  41  3:39  Roach Warren  
  40  3:48  Evolution Chamber  
  39  3:49  Lair  
  39  3:57  Drone, Extractor  
  39  3:58  Drone x2, Extractor  
  39  3:59  Drone x4  
  39  4:01  Overlord x3  
  44  4:18  Hatchery  
  43  4:24  Zerg Missile Weapons Level 1  
  43  4:43  Drone x3  
  43  4:44  Drone, Roach  
  43  4:45  Roach x5  
  59  4:46  Glial Reconstitution  
  59  5:10  Overlord x2  
  59  5:29  Overlord x2  
  59  5:30  Roach x6  
  71  5:45  Overlord x2  
  71  5:46  Roach  
  71  5:47  Roach x6  
  85  6:01  Overseer  
  85  6:16  Drone  
  85  6:17  Drone x11  
  81  6:47  Drone  
  81  6:48  Drone x11  
  71  7:15  Extractor  
  71  7:19  Hydralisk Den, Zerg Ground Armor Level 1  
  69  7:22  Zerg Missile Weapons Level 2  
  69  7:27  Extractor  
  69  7:28  Roach, Extractor  
  69  7:29  Roach x9  
  87  7:43  Drone  
  87  7:44  Drone x2  
  90  8:02  Grooved Spines  
  90  8:03  Overlord x3  
  90  8:04  Roach x4  
  98  8:14  Overlord x3  
  98  8:15  Overlord  
  98  8:24  Infestation Pit  
  98  8:25  Hatchery  
  96  8:46  Drone x14  
  110  8:56  Overseer x3  
  110  9:02  Hive  
  110  9:07  Hydralisk x8, Extractor  
  110  9:09  Spire  
  124  9:13  Muscular Augments  
  124  9:16  Extractor  
  123  9:33  Hydralisk x9  
  123  9:34  Hydralisk x4  
  149  9:55  Hydralisk  
  149  9:56  Hydralisk x4  
  149  9:57  Overlord x3  
  159  10:17  Hydralisk x9  
  159  10:18  Hydralisk x2  
  159  10:19  Overlord x2  
  181  10:31  Overlord x2  
  181  10:32  Overlord x2  
  181  10:37  Hydralisk  
  181  10:38  Hydralisk x4  
Show
View Real Time Build Order
Export as new Build Order

Kuzakovsky Protoss 

Build Orders: Phoenix Opening, Archon Immortal 

Get SALT Encoding   

  12  0:01  Probe  
  13  0:13  Probe  
  14  0:19  Pylon  
  14  0:25  Probe  
  15  0:36  Probe  
  15  0:41  Gateway  
  16  0:44  Probe  
  17  0:52  Probe  
  18  0:57  Assimilator  
  18  1:05  Probe  
  19  1:13  Probe  
  20  1:21  Probe  
  21  1:35  Cybernetics Core  
  21  1:37  Probe  
  22  1:49  Nexus  
  22  1:53  Probe  
  23  1:58  Assimilator  
  23  2:07  Forge  
  23  2:13  Warp Gate  
  23  2:24  Pylon  
  23  2:35  Pylon  
  23  2:42  Probe  
  26  2:44  Photon Cannon  
  26  2:49  Sentry  
  26  2:50  Probe  
  26  2:58  Probe  
  27  2:59  Probe  
  27  3:00  Robotics Facility  
  29  3:08  Probe x2  
  31  3:16  Zealot  
  33  3:26  Probe  
  33  3:27  Probe  
  35  3:35  Gateway  
  35  3:37  Gateway  
  35  3:39  Probe x2  
  37  3:42  Phoenix  
  37  3:46  Observer  
  38  4:00  Probe x2  
  40  4:04  Stalker  
  42  4:16  Probe x2  
  44  4:24  Probe  
  44  4:28  Probe  
  44  4:30  Immortal  
  50  4:37  Probe  
  50  4:40  Probe  
  52  4:47  Nexus  
  52  4:51  Pylon  
  52  4:52  Probe  
  53  4:53  Probe  
  53  4:54  Pylon  
  53  4:58  Assimilator  
  54  5:00  Assimilator  
  54  5:05  Twilight Council  
  54  5:09  Immortal, Probe  
  59  5:16  Photon Cannon  
  59  5:17  Photon Cannon  
  59  5:24  Photon Cannon  
  59  5:26  Gateway  
  59  5:31  Probe x2  
  61  5:37  Observer  
  61  5:39  Pylon  
  61  5:43  Probe  
  61  5:44  Probe  
  63  5:52  Pylon  
  63  6:01  Zealot x3  
  63  6:03  Immortal  
  73  6:06  Probe x3  
  73  6:10  Pylon  
  76  6:17  Templar Archives  
  76  6:18  Probe, Charge  
  77  6:30  Stalker x3  
  73  6:53  Zealot x2  
  73  6:54  Zealot  
  72  7:00  Probe  
  70  7:01  Probe x2  
  70  7:08  Probe  
  71  7:12  Observer  
  71  7:13  Probe  
  73  7:19  Psionic Storm  
  73  7:23  Probe  
  73  7:24  Probe  
  73  7:25  Probe  
  73  7:26  Pylon  
  73  7:27  Zealot x3  
  73  7:28  Pylon  
  82  7:30  Pylon  
  82  7:31  Immortal  
  86  7:40  Probe  
  86  7:41  Probe x2  
  89  7:49  Probe x3  
  89  7:57  Probe  
  92  8:04  Protoss Ground Weapons Level 1  
  93  8:07  Gateway  
  93  8:08  High Templar x3  
  93  8:11  Observer  
  99  8:14  Pylon  
  99  8:16  Probe, Pylon  
  99  8:18  Pylon  
  99  8:19  Pylon  
  99  8:24  Probe  
  99  8:25  Photon Cannon, Gateway  
  100  8:30  Probe x2  
  100  8:31  Gateway  
  103  8:34  Probe  
  103  8:38  Photon Cannon  
  103  8:40  High Templar  
  103  8:41  High Templar  
  108  8:42  Zealot  
  110  8:52  Gateway  
  110  8:55  Photon Cannon, Warp Prism, Gateway  
  112  8:58  Gateway  
  112  8:59  Archon  
  112  9:02  Probe x3  
  115  9:08  Observer  
  115  9:14  Probe, Assimilator  
  115  9:16  Assimilator  
  116  9:17  High Templar x2  
  116  9:22  High Templar  
  116  9:23  Archon  
  122  9:26  Probe x2  
  122  9:27  Probe  
  125  9:38  Probe x2  
  125  9:39  Probe  
  128  9:47  Zealot x2  
  128  9:50  Probe  
  128  9:51  Probe x2  
  135  9:59  Zealot x4  
  143  10:00  Zealot  
  145  10:07  Observer  
  145  10:20  Nexus  
  145  10:23  Pylon  
  145  10:24  Gateway  
  145  10:26  Pylon x3  
  145  10:27  Gateway  
  145  10:29  Pylon  
  145  10:30  Gateway  
  145  10:35  Gateway  
  144  10:38  Observer  
  144  10:40  High Templar x2  
  144  10:41  High Templar x2  
  87  10:58  Photon Cannon  
  87  10:59  Photon Cannon x2  
  87  11:01  Photon Cannon  
  87  11:02  High Templar x3  
  87  11:03  Photon Cannon  
Tags
 
Add a new tag
Caveats
  • Supply blocks, unpowered buildings, or Contaminate may cause inaccurate times.
  • Supply counts are checked every 10 seconds.